 Dungeon Sprint DCSS version 0.22-a0-109-gbeb7240 (webtiles) character file.

1744 theanonym the Cleaver (level 9, 0/84 (86) HPs)
             Began as a Ghoul Gladiator on Jan 26, 2018.
             Was a Priest of Makhleb.
             Slain by a tarantella (9 damage)
             ... summoned by a deep elf mage
             ... in the Dungeon (Sprint V: "Ziggurat Sprint").
             The game lasted 00:01:46 (205 turns).

theanonym the Cleaver (Ghoul Gladiator)              Turns: 205, Time: 00:01:46

HP:   0/84 (86)     AC: 23    Str: 33    XL:     9   Next: 6%
MP:   8/8           EV:  7    Int:  6    God:    Makhleb [***...]
Gold: 0             SH:  0    Dex: 10    Spells: 8/8 levels left

rFire    + . .     SeeInvis .   G - +5 executioner's axe
rCold    + + .     Gourm    .   (shield currently unavailable)
rNeg     + + +     Faith    .   F - +5 gold dragon scales {23 rF+ rC+ rPois}
rPois    ∞         Spirit   .   m - +0 helmet {Int+3}
rElec    .         Reflect  .   (no cloak)
rCorr    .         Harm     .   (no gloves)
MR       .....     NoTele   +   (no boots)
Stlth    ..........             (no amulet)
HPRegen  0.00/turn              A - +6 ring of strength
MPRegen  0.11/turn              B - +6 ring of strength

@: flying (expiring), rotting, hasted and slowed
A: rotting body, claws 1, carnivore, cold resistance 1, negative energy
resistance 3, inhibited regeneration, torment resistance, unbreathing
a: Minor Destruction, Lesser Servant of Makhleb, Renounce Religion


Innate Abilities, Weirdness & Mutations

Your body is rotting away.
You thrive on raw meat.
You are immune to poison.
You have sharp fingernails.
You are carnivorous and can eat meat at any time.
Your flesh is cold resistant. (rC+)
You are immune to negative energy. (rN+++)
You do not regenerate when monsters are visible.
You are immune to unholy pain and torment.
You can survive without breathing.


   Skills:
 + Level 10.3 Fighting
 * Level 13.5 Axes
 - Level 1.7 Throwing
 + Level 8.5 Armour
 - Level 2.6 Dodging


You had 8 spell levels left.
You didn't know any spells.

Skill      XL: |  1  2  3  4  5  6  7  8 |
---------------+-------------------------+-----
Axes           | 7 8 10 12 13 | 13.5
Fighting       | 3 4 7 8 9 10 | 10.3
Armour         | 1 2 3 5 6 7 8 |  8.5
Throwing       | |  1.7
Dodging        | |  2.6

Action                   |  1- 3 |  4- 6 |  7- 9 || total
-------------------------+-------+-------+-------++-------
Melee: Executioner's axe |    10 |    10 |    16 ||    36
  Use: Potion            |     2 |       |     1 ||     3
Armor: Gold dragon scale |    33 |    23 |    28 ||    84
Dodge: Dodged            |     7 |    10 |    13 ||    30

Inventory:

Hand Weapons
 a - a +0 war axe
 G - a +5 executioner's axe (weapon)
   (You found it in the Dungeon)
Missiles
 d - 3 throwing nets (quivered)
Armour
 c - a +0 helmet
 k - a +0 leather armour {4}
 m - a +0 helmet of intelligence (worn)
   (You found it in the Dungeon)
 F - +5 gold dragon scales (worn) {23 rF+ rC+ rPois}
   (You found it in the Dungeon)
Jewellery
 x - a +6 ring of dexterity
   (You found it in the Dungeon)
 y - a +6 ring of intelligence
   (You found it in the Dungeon)
 z - a +6 ring of intelligence
   (You found it in the Dungeon)
 A - a +6 ring of strength (left claw)
   (You found it in the Dungeon)
 B - a +6 ring of strength (right claw)
   (You found it in the Dungeon)
 E - a +6 ring of dexterity
   (You found it in the Dungeon)
Wands
 v - a wand of acid (7)
   (You found it in the Dungeon)
 C - a wand of disintegration (7)
   (You found it in the Dungeon)
 D - a wand of iceblast (7)
   (You found it in the Dungeon)
Scrolls
 b - 4 scrolls of blinking
 f - 7 scrolls of fog
 p - 4 scrolls of amnesia
 r - 5 scrolls of identify
 t - 5 scrolls of remove curse
 u - 2 scrolls of fear
Potions
 g - 2 potions of invisibility
 h - 4 potions of haste
 i - 7 potions of magic
 j - 3 potions of berserk rage
 l - 4 potions of resistance {rF+ rC+}
 n - 5 potions of agility
 o - 5 potions of might
 q - 10 potions of heal wounds
 s - 2 potions of brilliance
 w - 10 potions of curing
Comestibles
 e - 7 rations You were in the Dungeon. You worshipped Makhleb. Makhleb was most pleased with you. You were not hungry. You visited 1 branch

Dungeon Overview and Level Annotations

Branches:
Dungeon (1/1)

Altars:
Ashenzari
Cheibriados
Dithmenos
Elyvilon
Fedhas
Gozag
Hepliaklqana
Kikubaaqudgha
Makhleb
Nemelex Xobeh
Okawaru
Qazlal
Ru
Sif Muna
Trog
Uskayaw
Vehumet
Wu Jian
Xom
Yredelemnul
Zin
The Shining One
Beogh
Jiyva
Lugonu

Annotations:
D 1 transporter

▓.....▓.....▓.....▓
▓.....▓.....▓..©..▓
▓..©..▓..©..▓▓▓▓▓▓▓
▓▓▓▓▓▓▓▓▓▓▓▓▓▓
▓..8©8...▓
▓...::...▓
▓..§§.§.§▓
▓.§§§§§§§▓
▓.§§s@es.▓
▓.▓§§E§▓§▓
▓.§§§e3§§▓
▓▓▓▓▓▓▓▓▓▓


You could see a deep elf archer, a deep elf mage, a smoke demon, an air
elemental, a tarantella and a redback (wandering).

Notes
Turn   | Place    | Note
-------+----------+-------------------------------------------
     0 | D        | Found the +6 Majin-Bo {vamp, Archmagi MP+6 Int+6}
     0 | D        | Found the +7 great mace "Firestarter" {inner flame, rF++}
     0 | D        | theanonym the Ghoul Gladiator began the quest for the Orb.
     0 | D        | Reached XP level 1. HP: 17/17 MP: 0/0
     0 | D        | Found a deep blue altar of Sif Muna.
     0 | D        | Found a sacrificial altar of Ru.
     0 | D        | Found a bloodstained altar of Trog.
     0 | D        | Found a stormy altar of Qazlal.
     0 | D        | Found an iron altar of Okawaru.
     0 | D        | Found a sparkling altar of Nemelex Xobeh.
     0 | D        | Found a blossoming altar of Fedhas.
     2 | D        | Found a transporter.
     2 | D        | Found an ancient bone altar of Kikubaaqudgha.
     2 | D        | Found a viscous altar of Jiyva.
     2 | D        | Found a corrupted altar of Lugonu.
     2 | D        | Found a hazy altar of Hepliaklqana.
     2 | D        | Found a burning altar of Makhleb.
     2 | D        | Found an opulent altar of Gozag.
    19 | D        | Found the +9 heavy crossbow "Sniper" {velocity, Acc+∞ SInv}
    19 | D        | Found the +10 dark maul {crush}
    19 | D        | Found the +15 Maxwell's patent armour {-Cast -Tele rElec MR+ rCorr}
    19 | D        | Found the +18 shield of the Gong {rElec rN+ MR+ EV-5}
    19 | D        | Found the cursed +14 obsidian axe {chop, +Fly SInv *Curse}
    20 | D        | Found the +6 shillelagh "Devastator" {shatter}
    20 | D        | Found the +11 plutonium sword {*Contam Stlth-}
    20 | D        | Found the +8 lance "Wyrmbane" {slay drac, rPois rF+ rC+ AC+3}
    20 | D        | Found the +9 sword of Zonguldrok {reap}
    20 | D        | Found the cursed +13 scythe of Curses {drain, *Curse}
    20 | D        | Found the +0 sword of Power
    20 | D        | Found the +1 mace of Variability {chaos}
    20 | D        | Found the +7 Singing Sword
    20 | D        | Found the +7 longbow "Piercer" {penet, EV-2}
    53 | D        | Became a worshipper of Makhleb the Destroyer
    57 | D        | Reached skill level 7 in Axes
    57 | D        | Reached XP level 2. HP: 24/24 MP: 1/1
    74 | D        | Entered arena 2.
    74 | D        | Found a transporter.
    96 | D        | Entered arena 3.
    96 | D        | Noticed a crimson imp
    96 | D        | Noticed a crimson imp
    96 | D        | Found a transporter.
   103 | D        | Killed a crimson imp
   103 | D        | Reached * piety under Makhleb
   103 | D        | Reached skill level 3 in Fighting
   103 | D        | Reached skill level 8 in Axes
   103 | D        | Reached skill level 1 in Armour
   103 | D        | Reached XP level 3. HP: 23/30 MP: 2/2
   104 | D        | Reached skill level 4 in Fighting
   104 | D        | Reached skill level 2 in Armour
   104 | D        | Reached XP level 4. HP: 31/39 MP: 3/3
   107 | D        | Reached skill level 3 in Armour
   107 | D        | Reached XP level 5. HP: 36/46 MP: 4/4
   174 | D        | Entered arena 4.
   174 | D        | Noticed a toenail golem
   174 | D        | Noticed a toenail golem
   174 | D        | Noticed a toenail golem
   174 | D        | Noticed a toenail golem
   174 | D        | Found a transporter.
   179 | D        | HP: 20/46 [toenail golem (5)]
   180 | D        | Killed a toenail golem
   180 | D        | Reached ** piety under Makhleb
   180 | D        | Reached skill level 7 in Fighting
   180 | D        | Reached skill level 10 in Axes
   180 | D        | Reached skill level 5 in Armour
   180 | D        | Reached XP level 6. HP: 37/59 MP: 5/5
   182 | D        | Killed a toenail golem
   182 | D        | Reached skill level 8 in Fighting
   182 | D        | Reached skill level 12 in Axes
   182 | D        | Reached skill level 6 in Armour
   182 | D        | Reached XP level 7. HP: 55/68 MP: 6/6
   183 | D        | Killed a toenail golem
   183 | D        | Reached skill level 9 in Fighting
   183 | D        | Reached skill level 7 in Armour
   183 | D        | Reached XP level 8. HP: 62/77 MP: 7/7
   185 | D        | Killed a toenail golem
   185 | D        | Reached skill level 13 in Axes
   185 | D        | Reached skill level 8 in Armour
   191 | D        | Entered arena 5.
   191 | D        | Noticed a deep elf archer
   191 | D        | Noticed a deep elf mage
   191 | D        | Noticed an air elemental
   191 | D        | Noticed a hand axe of holy wrath
   191 | D        | Found a transporter.
   203 | D        | Killed a hand axe of holy wrath
   203 | D        | Reached *** piety under Makhleb
   203 | D        | Reached skill level 10 in Fighting
   203 | D        | Reached XP level 9. HP: 47/84 MP: 8/8
   203 | D        | HP: 39/84 [chaos spawn[a deep elf mage] (8)]
   204 | D        | HP: 19/84 [air elemental (7)]
   205 | D        | Noticed a smoke demon
   205 | D        | HP: 9/84 [air elemental (2)]
   205 | D        | Slain by a tarantella

Vanquished Creatures
  A dancing weapon (D)
  4 toenail golems (D)
  2 crimson imps (D)
  A quasit (D)
  2 ufetubi (D)
10 creatures vanquished.

Table legend:
 A = Turns spent in this place as a percentage of turns spent in the entire game.
 B = Non-inter-level travel turns spent in this place as a percentage of non-inter-level travel turns spent in the entire game.
 C = Inter-level travel turns spent in this place as a percentage of turns spent in this place.
 D = Turns resting spent in this place as a percentage of non-inter-level travel turns spent in this place.
 E = Turns spent auto-exploring this place as a percentage of non-inter-level travel turns spent in this place.
 F = Non-inter-level travel turns spent in this place divided by the number of levels of this place that you've seen.
                   A       B       C       D       E      F
               +-------+-------+-------+-------+-------+----------------------
         Total | 100.0 | 100.0 |   0.0 |  30.2 |  11.2 | 205.0
       Dungeon | 100.0 | 100.0 |   0.0 |  30.2 |  11.2 | 205.0
               +-------+-------+-------+-------+-------+----------------------
